 Seeded DCSS version 0.29.1-15-g9cfb28693d (webtiles) character file.

Game seed: 16245865983455551772 (custom seed)

4 Atreus the Chopper (level 1, 19/19 HPs)
             Began as a Palentonga Berserker on Mar 6, 2023.
             Was a Follower of Trog.
             Quit the game on level 1 of the Dungeon.
             The game lasted 00:01:48 (366 turns).

Atreus the Chopper (Palentonga Berserker)            Turns: 366, Time: 00:01:49

Health: 19/19      AC: 19    Str: 28    XL:     1   Next: 50%
Magic:  1/1        EV:  7    Int: 13    God:    Trog [*.....]
Gold:   0          SH:  0    Dex: 11    Spells: 0/0 levels left

rFire   x . .      SeeInvis +   a - +0 hand axe
rCold   . . .      Faith    .   (no shield)
rNeg    + + +      Spirit   .   b - +0 animal skin
rPois   +          Reflect  .   (no helmet)
rElec   .          Harm     .   (no cloak)
rCorr   .          Rampage  .   c - +0 pair of gloves of the Eight Boll Weevils {Str+4}
Will    +....                   e - +10 Black Knight's barding {ponderous, rPois rN+}
Stlth   +.........              (no amulet)
HPRegen 0.06/turn               d - ring of Fiad {rF- rN+++ Will+ Str+2 Int+6 Dex+2}
MPRegen 0.07/turn               (no ring)

@: slow
A: large, rugged brown scales 3, see invisible, deformed body, roll 1, armoured
tail
a: Rolling Charge, Renounce Religion, Berserk


You were on level 1 of the Dungeon.
You worshipped Trog.
Trog was aware of your devotion.
You visited 1 branch of the dungeon, and saw 1 of its levels.

Inventory:

Hand Weapons
 a - a +0 hand axe (weapon)
Armour
 b - a +0 animal skin (worn)
 c - the +0 pair of gloves of the Eight Boll Weevils (worn) {Str+4}
   (You acquired it on level 1 of the Dungeon)

   Str:       It affects your strength (+4).
 e - the +10 Black Knight's barding (worn) {ponderous, rPois rN+}
   (You acquired it on level 1 of the Dungeon)

   rPois:     It protects you from poison.
   rN:        It protects you from negative energy.
Jewellery
 d - the ring of Fiad (left hand) {rF- rN+++ Will+ Str+2 Int+6 Dex+2}
   (You acquired it on level 1 of the Dungeon)

   [ring of intelligence]

   Str:       It affects your strength (+2).
   Int:       It affects your intelligence (+6).
   Dex:       It affects your dexterity (+2).
   rF:        It makes you vulnerable to fire.
   rN:        It renders you almost immune to negative energy.
   Will:      It increases your willpower.


   Skills:
 + Level 3.1 Fighting
 + Level 3.1 Axes
 + Level 1.6 Armour
 + Level 1.6 Dodging


You couldn't memorise any spells.
You didn't know any spells.
Your spell library was empty.

Dungeon Overview and Level Annotations

Branches:
Dungeon (1/15)

Altars:


Innate Abilities, Weirdness & Mutations

You are completely covered in rugged brown scales. (AC +3, +7% HP)
You have supernaturally acute eyesight. (SInv)
Armour fits poorly on your strangely shaped body.
You can roll at nearby foes to attack.
You have a long armoured tail.


Message History

The quokka bites you but does no damage.
You barely miss the quokka.
The quokka is almost dead.
The quokka closely misses you.
You miss the quokka.
The quokka is almost dead.
The quokka bites you.
* * * LOW HITPOINT WARNING * * *
The quokka bites you.
* * * LOW HITPOINT WARNING * * *
You hit the quokka.
You kill the quokka!
Trog accepts your kill.
You start resting.
You start resting.
HP restored.
Found 3 scrolls labelled WAC GOIFOFITOUPLEC.
c - 3 scrolls labelled WAC GOIFOFITOUPLEC
There are no items here.
This is a scroll of acquirement!
You aren't carrying any potions.
Unknown command.
Unknown command.
Something appears at your feet!
d - the ring of Fiad {rF- rN+++ Will+ Str+2 Int+6 Dex+2} Something appears at your feet!
e - the +10 Black Knight's barding {ponderous, rPois rN+} Something appears at your feet!
c - the +0 pair of gloves of the Eight Boll Weevils {Str+4} You start putting on your armour.
You continue putting on the +0 pair of gloves of the Eight Boll Weevils {Str+4}. x4
You finish putting on the +0 pair of gloves of the Eight Boll Weevils {Str+4}.
You feel stronger.
You start putting on your armour.
You continue putting on the +10 Black Knight's barding {ponderous, rPois rN+}. x4
You finish putting on the +10 Black Knight's barding {ponderous, rPois rN+}.
You feel rather ponderous.
You feel clever.
You feel stronger.
You feel agile.
d - the ring of Fiad (left hand) {rF- rN+++ Will+ Str+2 Int+6 Dex+2} Are you sure you want to abandon this character and quit the game? (Confirm with "yes".)

# .# #.#
######..###
#.@........
.......#..#.....
#.##...#..# ...
..# #. #...###.##
##..#..# #... #..#
...#.# #..# ##.##
##....# #..#.r
#..# #....#
#.##...##.###....#
#.... #..#.....#


There were no monsters in sight!

Vanquished Creatures
  An endoplasm (D:1)
  A goblin (D:1)
  A quokka (D:1)
3 creatures vanquished.

Notes
Turn   | Place    | Note
-------+----------+-------------------------------------------
     0 | D:1      | Atreus the Palentonga Berserker began the quest for the
                  | Orb.
     0 | D:1      | Reached XP level 1. HP: 19/19 MP: 1/1
   349 | D:1      | Identified 3 scrolls of acquirement
   349 | D:1      | Acquired the ring of Fiad {rF- rN+++ Will+ Str+2 Int+6
                  | Dex+2}
   351 | D:1      | Acquired the +10 Black Knight's barding {ponderous, rPois
                  | rN+}
   351 | D:1      | Found the +10 Black Knight's barding {ponderous, rPois rN+}
   353 | D:1      | Acquired the +0 pair of gloves of the Eight Boll Weevils
                  | {Str+4}
   366 | D:1      | Quit the game

Illustrated notes

Levels and vault maps discovered:
D:1:      minmay_arrival_hallway, layout_loops_corners, basic_ecumenical_altar,
          minmay_unequal

Action                   || total
-------------------------++-------
Melee: Hand axe          ||    17
       Tailslap          ||     2
  Use: Scroll            ||     3
Armor: Animal skin       ||     6
Dodge: Dodged            ||    14
